 Dungeon Crawl Stone Soup version 0.31-a0-426-g3a05650e59 (webtiles) character file.

Game seed: 17896571591296496277

51 floatRand the Ruffian (level 3, -2/28 HPs)
             Began as a Draconian Shapeshifter on July 31, 2023.
             Slain by a gnoll
             ... wielding a +0 flail
              (4 damage)
             ... on level 2 of the Dungeon.
             The game lasted 00:01:12 (1061 turns).

floatRand the Ruffian (Draconian Shapeshifter)      Turns: 1061, Time: 00:01:12

Health: -2/28      AC:  5    Str: 17    XL:     3   Next: 57%
Magic:  3/3        EV: 12    Int:  8    God:
Gold:   71         SH:  0    Dex: 13    Spells: 2/2 levels left

rFire   . .          .
                       - Unarmed
rCold   . . .        (no shield)
rNeg    . . .        (body armour unavailable)
rPois   .            (helmet currently unavailable)
rElec   .            (cloak currently unavailable)
rCorr   .            (gloves currently unavailable)
SInv    .            (boots currently unavailable)
Will    .....        (no amulet)
Stlth   +            (no ring)
HPRegen 0.24/turn    (no ring)
MPRegen 0.08/turn

%: no passive effects
@: beast-form
A: beast (slay +2), AC +5, unfitting armour, cold-blooded
a: Begin Untransformation


You were on level 2 of the Dungeon.
You were a hulking beast.
You visited 1 branch of the dungeon, and saw 2 of its levels.

You collected 71 gold pieces.

Inventory:

Talismans
 b - a beast talisman (active)
Scrolls
 c - a scroll of identify {unknown}
 d - 2 scrolls of fog {unknown}
 e - a scroll of revelation {unknown}
Potions
 a - a potion of lignification
 f - a potion of curing {unknown}
 g - a potion of enlightenment {unknown}


   Skills:
 - Level 1.1 Fighting
 - Level 1.7 Dodging
 * Level 4.1 Unarmed Combat
 + Level 3.4 Shapeshifting


You had 2 spell levels left.
You didn't know any spells.
Your spell library was empty.

Dungeon Overview and Level Annotations

Branches:
Dungeon (2/15)

Altars:


Innate Abilities, Weirdness & Mutations

You are a hulking beast.
Your limbs bulge with bestial killing power. (Slay +2)
Your plain brown scales are hard. (AC +5)
You cannot fit into any form of body armour.
You are cold-blooded and may be slowed by cold attacks.


Message History

No target in view!
No target in view!
No target in view! 2 gnolls come into view.
The gnoll shouts! x2; You hear an angry hiss.
A gnoll comes into view. It is wielding a +0 spear.
The gnoll shouts!
There are monsters nearby!
There are monsters nearby!
There are monsters nearby!
Nothing quivered!
The gnoll closely misses you.
You barely miss the gnoll.
Your tail-slap misses the gnoll.
The gnoll hits you with a +0 spear.
You barely miss the gnoll. The gnoll hits you but does no damage.
You hit the gnoll.
The gnoll is moderately wounded.
The gnoll closely misses you.
You punch the gnoll!
You kill the gnoll!
You barely miss the gnoll. The gnoll barely misses you.
You closely miss the gnoll. The gnoll hits you but does no damage.
The gnoll hits you with a +0 flail!
Unknown command.
You punch the gnoll!
The gnoll is heavily wounded.
The gnoll hits you from afar with a +0 spear.
The gnoll misses you.
You hit the gnoll.
Your tail-slap misses the gnoll.
The gnoll is severely wounded.
The gnoll hits you from afar with a +0 spear.
The gnoll misses you.
Unknown command.
You are too injured to fight recklessly!
You closely miss the gnoll.
The gnoll is severely wounded.
The gnoll hits you from afar with a +0 spear!
* * * LOW HITPOINT WARNING * * *
The gnoll hits you with a +0 flail.
You die...

## ##.. #.. #..
#g# #g# #h#
#########.#
##.........#
.#####...########
.........#
##.##...####
#......<..#
#.........#
#.........#


You could see 2 gnolls.

Vanquished Creatures
  A gnoll (D:2)
  4 dart slugs (D:1)
  A ball python (D:1)
  2 bats
  A giant cockroach (D:1)
  5 hobgoblins (D:1)
  3 kobolds (D:1)
  4 quokkas (D:1)
  2 frilled lizards (D:1)
  4 goblins (D:1)
  3 rats (D:1)
30 creatures vanquished.

Notes
Turn   | Place    | Note
-------+----------+-------------------------------------------
     0 | D:1      | floatRand the Draconian Shapeshifter began the quest for
                  | the Orb.
     0 | D:1      | Reached XP level 1. HP: 16/16 MP: 1/1
   116 | D:1      | Reached XP level 2. HP: 17/23 MP: 2/2
   428 | D:1      | Reached XP level 3. HP: 26/28 MP: 3/3
   718 | D:1      | Reached skill level 4 in Unarmed Combat
  1061 | D:2      | Slain by a gnoll

Illustrated notes

Levels and vault maps discovered:
D:1:      minmay_arrival_jagged, layout_loops_corners, minmay_tromino_v4_a
D:2:      layout_loops_cross, hex_medium, dk_noncrumbling_3, uniq_natasha,
          uniq_jessica

Skill      XL: |  1  2  3 |
---------------+----------+-----
Unarmed Combat | 4 |  4.1
Fighting       | |  1.1
Dodging        | |  1.7
Shapeshifting  | |  3.4

Action                     || total
---------------------------++-------
  Melee: Unarmed           ||    69
         Tailslap          ||     2
   Stab: Sleeping          ||     1
 Armour: Skin              ||    11
  Dodge: Dodged            ||    36

Table legend: (Time is in decaauts)
 A = Elapsed time spent in this place.
 B = Non-inter-level travel time spent in this place.
 C = Inter-level travel time spent in this place.
 D = Time resting spent in this place.
 E = Time spent auto-exploring this place.
 F = Levels seen in this place.
 G = Mean time per level.
                   A        B        C        D        E       F      G
               +--------+--------+--------+--------+--------+-----+--------+
         Total |   1056 |   1034 |     22 |      0 |    833 |   2 |  528.0 |
       Dungeon |   1056 |   1034 |     22 |      0 |    833 |   2 |  528.0 |
               +--------+--------+--------+--------+--------+-----+--------+

Top non-repeatable levels by time:
     D:1: 1031 daAuts
     D:2: 25 daAuts
